 Dungeon Crawl Stone Soup version 0.30.1-11-g7821555f0a (webtiles) character file.

Game seed: 14918239307401470314

9924 monsoonserge the Protected (level 11, -3/87 HPs)
             Began as a Demonspawn Warper on Oct 28, 2023.
             Was a Follower of Lugonu.
             Slain by Snorg (12 damage)
             ... on level 10 of the Dungeon.
             The game lasted 00:43:48 (12814 turns).

monsoonserge the Protected (Demonspawn Warper)     Turns: 12814, Time: 00:43:48

Health: -3/87      AC: 17    Str: 12    XL:     11   Next: 29%
Magic:  0/14       EV: 10    Int: 19    God:    Lugonu [*.....]
Gold:   656        SH:  7    Dex: 12    Spells: 12/14 levels left

rFire   . . .        w - +2 long sword (vamp)
rCold   . . .        K - +0 buckler
rNeg    . . .        i - +3 scale mail of Plasticity {rPois}
rPois   +            r - +0 helmet
rElec   .            P - +0 cloak
rCorr   .            (no gloves)
SInv    +            o - +0 pair of boots
Will    .....        (no amulet) Stlth
                     M - ring of see invisible
HPRegen 0.34/turn    (no ring)
MPRegen 0.28/turn

%: guardian spirit
@: no status effects
A: rugged brown scales 2, magic shield, magic regeneration, condensation shield,
corrupting presence 1
a: Renounce Religion, Depart the Abyss


You were on level 10 of the Dungeon.
You worshipped Lugonu.
Lugonu was aware of your devotion.
You visited 2 branches of the dungeon, and saw 11 of its levels.
You visited the Abyss 1 time.

You collected 656 gold pieces.

Inventory:

Hand Weapons
 n - a +2 dagger of venom
 w - a +2 vampiric long sword (weapon)
 A - a +0 arbalest
Missiles
 d - 7 boomerangs of dispersal
 e - 2 throwing nets
 f - 3 silver javelins
 g - 4 datura-tipped darts
 k - 8 poisoned darts (quivered)
 z - 11 javelins
 B - 3 silver boomerangs
 N - a curare-tipped dart
Armour
 b - +0 steam dragon scales
 i - the +3 scale mail of Plasticity (worn) {rPois}
   (You found it on level 2 of the Dungeon)

   rPois:     It protects you from poison.
 o - a +0 pair of boots (worn)
 r - a +0 helmet (worn)
 I - a +2 ring mail of poison resistance
 K - a +0 buckler (worn)
 P - a +0 cloak (worn)
Magical Staves
 y - a staff of air
Jewellery
 D - an amulet of faith
 M - a ring of see invisible (left hand)
Wands
 u - a wand of paralysis (4)
 S - a wand of flame (6)
Scrolls
 c - 2 scrolls of blinking
 h - 4 scrolls of vulnerability
 l - a scroll of enchant weapon {unknown}
 p - 2 scrolls of fog
 t - 2 scrolls of teleportation
 v - 3 scrolls of noise {unknown}
 x - a scroll of enchant armour {unknown}
 E - a scroll of summoning {unknown}
 H - a scroll of poison {unknown}
 L - a scroll of acquirement {unknown}
 O - a scroll of fear {unknown}
Potions
 a - a potion of haste {unknown}
 j - 3 potions of flight
 m - 3 potions of berserk rage {unknown}
 q - 7 potions of curing
 s - 2 potions of ambrosia
 C - 2 potions of lignification
 F - 3 potions of invisibility {unknown}
 G - 2 potions of degeneration {unknown}
 J - 3 potions of mutation {unknown}
 Q - a potion of attraction {unknown}
 R - 2 potions of heal wounds {unknown}
Miscellaneous
 T - a box of beasts (inert)


   Skills:
 + Level 6.8 Fighting
 - Level 4.5(7.3) Short Blades
 + Level 9.0(9.5) Long Blades
 + Level 2.0 Throwing
 + Level 9.0 Armour
 + Level 5.4 Dodging
 - Level 1.0 Stealth
 - Level 1.0 Shields
 - Level 2.0 Spellcasting
 - Level 5.0 Translocations
 * Level 0.2 Invocations
 * Level 0.3 Evocations


You had 12 spell levels left.
You knew the following spells:

 Your Spells              Type           Power      Damage    Failure   Level
a - Blink                 Tloc           40%        N/A       19%         2

Your spell library contained the following spells:

 Spells                   Type           Power      Damage    Failure   Level
 Lesser Beckoning         Tloc           40%        N/A       19%         2
 Teleport Other           Tloc           20%        N/A       36%         3
 Magic Dart               Conj           4%         1d3       67%         1
 Necrotise                Necr           4%         1d4       67%         1
 Shock                    Conj/Air       4%         1d3       67%         1
 Summon Small Mammal      Summ           4%         N/A       67%         1
 Portal Projectile        Hex/Tloc       22%        N/A       71%         3
 Vhi's Electric Charge    Tloc/Air       22%        N/A       71%         3
 Manifold Assault         Tloc           20%        N/A       77%         4
 Call Imp                 Summ           2%         N/A       82%         2
 Ensorcelled Hibernation  Hex/Ice        2%         N/A       82%         2
 Passwall                 Tmut/Erth      0%         N/A       82%         2
 Call Canine Familiar     Summ           1%         N/A       96%         3
 Hailstorm                Conj/Ice       1%         3d3       96%         3
 Mephitic Cloud           Conj/Pois/Air  1%         N/A       96%         3
 Summon Guardian Golem    Hex/Summ       1%         N/A       96%         3
 Swiftness                Air            1%         N/A       96%         3
 Vampiric Draining        Necr           1%         2d6       96%         3
 Airstrike                Air            0%         2d(1-17)  100%        4
 Ice Form                 Ice/Tmut       1%         N/A       100%        4
 Leda's Liquefaction      Hex/Erth       0%         N/A       100%        4
 Agony                    Necr           1%         N/A       100%        5
 Fireball                 Conj/Fire      0%         3d3       100%        5
 Iskenderun's Battlesphe  Conj           1%         2d6       100%        5
 Conjure Ball Lightning   Conj/Air       0%         3x3d6     100%        6
 Simulacrum               Ice/Necr       0%         N/A       100%        6
 Orb of Destruction       Conj           0%         9d5       100%        7


Dungeon Overview and Level Annotations

Branches:
Dungeon (10/15)            Temple (1/1) D:5
   Lair: D:8-11         Orc: D:9-12

Altars:
Ashenzari
Cheibriados
Dithmenos
Fedhas
Gozag
Hepliaklqana
Kikubaaqudgha
Makhleb
Nemelex Xobeh
Okawaru
Qazlal
Ru
Sif Muna
Trog
Uskayaw
Vehumet
Wu Jian
Xom
Yredelemnul

Shops:
D:7 ?   D:9 (

Annotations:
D:3 1 runed translucent door, Crazy Yiuf
D:10 Erolcha, Snorg


Innate Abilities, Weirdness & Mutations

You are mostly covered in rugged brown scales. (AC +2, +5% HP)
When hurt, damage is shared between your health and your magic reserves.
You regenerate magic rapidly.
A meltable shield of frost defends you. (SH +4)
Your presence sometimes corrodes those you injure.


Message History

Snorg is lightly wounded.
You block Snorg's attack. Snorg claws you. Snorg claws you but does no damage.
You hit Snorg.
You feel better.
Snorg is lightly wounded.
Snorg bites you but does no damage. Snorg claws you! Snorg claws you.
Snorg bites you but does no damage. Snorg claws you.
Snorg claws you but does no damage.
Okay, then.
You hit Snorg.
You feel better.
Snorg is lightly wounded.
Snorg looks more healthy.
Snorg bites you but does no damage. Snorg barely misses you. x2
You completely miss Snorg.
Snorg is lightly wounded.
Snorg bites you! Snorg claws you but does no damage. Snorg claws you.
You slash Snorg!
You feel better.
Snorg is lightly wounded.
You block Snorg's attack. Snorg claws you! You block Snorg's attack.
Snorg barely misses you. Snorg claws you! Snorg closely misses you.
You slash Snorg!
Snorg is moderately wounded.
Snorg bites you.
* * * LOW HITPOINT WARNING * * *
You block Snorg's attack. Snorg claws you!
* * * LOW HITPOINT WARNING * * *
Unknown command.
You open the lid... ...and a larval shockweird beast leaps out!
The box is emptied!
Snorg closely misses you. Snorg claws you!
* * * LOW HITPOINT WARNING * * *
Snorg claws you!
* * * LOW HITPOINT WARNING * * *
Erolcha casts a spell.
Erolcha flickers and vanishes for a moment.
Snorg closely misses you. Snorg claws you but does no damage. x2
Okay, then.
You feel better.
Erolcha casts a spell.
Erolcha blinks!
You block Snorg's attack. Snorg claws you!
You die...

#..........###'####.########...
#.########.......##............
>. +.......'.............
#.......####.......###
#.....O.# #.......# # #)......#
#.......###
#...#H#.####..........
+...#.#.......#....... #
#...#@#.......#.......
###.#########T#.......#.......
........#####§#...............
........((...^#.............##
.......O#######.#####.......#
###.............# #.........
#...((.†......# #..........
#...?(.........# #..........
....((....####### #..........


You could see Snorg (berserk, corroded, ally target), Erolcha (invisible) and a
friendly larval shockweird beast (summoned).

Vanquished Creatures
  Harold (D:9)
  A two-headed ogre (D:9)
  Urug (D:10)
  A komodo dragon (D:9)
  2 trolls
  Grinder (D:3)
  4 hornets
  Prince Ribbit (D:7)
  A wraith (D:9)
  9 yaks (D:9)
  A wyvern (D:9)
  2 steam dragons
  2 ice beasts
  A small abomination (Abyss:1)
  2 sky beasts (D:7)
  2 ogres
  3 orc warriors
  2 centaurs
  A phantom (D:6)
  2 kobold brigands (D:8)
  Blork the orc (D:6)
  2 gnoll sergeants (D:7)
  4 scorpions
  17 wights
  10 killer bees
  6 electric eels
  2 howler monkeys
  2 gnoll boudas
  8 hounds
  4 jellies
  4 orc priests
  3 iguanas (D:6)
  4 sleepcaps
  5 orc wizards
  Robin (D:3)
  13 gnolls
  10 adders
  A shadow imp (D:5)
  A white imp (D:7)
  An ufetubus (D:6)
  2 worms
  2 dart slugs
  28 orcs
  9 bats
  8 endoplasms
  6 giant cockroaches
  11 goblins
  9 hobgoblins
  8 jackals
  2 quokkas
  6 ball pythons
  4 frilled lizards
  17 kobolds
  5 rats
256 creatures vanquished.

Vanquished Creatures (others)
  An orc (D:9)
1 creature vanquished.

Grand Total: 257 creatures vanquished

Notes
Turn   | Place    | Note
-------+----------+-------------------------------------------
     0 | D:1      | monsoonserge the Demonspawn Warper began the quest for the
                  | Orb.
     0 | D:1      | Reached XP level 1. HP: 16/16 MP: 3/3
   122 | D:1      | Gained mutation: A meltable shield of frost defends you.
                  | (SH +4) [demonic ancestry]
   122 | D:1      | Reached XP level 2. HP: 21/22 MP: 5/5
   178 | D:1      | Learned a level 2 spell: Blink
   372 | D:1      | Gained mutation: You are partially covered in rugged brown
                  | scales. (AC +1, +3% HP) [demonic ancestry]
   372 | D:1      | Reached XP level 3. HP: 22/27 MP: 6/6
   933 | D:2      | Identified the +3 scale mail of Plasticity {rPois}
  1233 | D:2      | Gained mutation: You regenerate magic rapidly. [demonic
                  | ancestry]
  1233 | D:2      | Reached XP level 4. HP: 25/33 MP: 7/7
  1524 | D:3      | Reached skill level 1 in Armour
  1553 | D:3      | Noticed Robin
  1606 | D:3      | Killed Robin
  1607 | D:3      | Noticed Grinder
  2233 | D:3      | Paralysed by Grinder for 2 turns
  2234 | D:3      | HP: 1/35 [Grinder/nerve-wracking pain (11)]
  2236 | D:3      | Killed Grinder
  2237 | D:3      | Reached skill level 1 in Throwing
  2237 | D:3      | Reached XP level 5. HP: 2/41 MP: 8/8
  2237 | D:3      | Gained mutation: When hurt, damage is shared between your
                  | health and your magic reserves. [demonic ancestry]
  2237 | D:3      | Reached XP level 6. HP: 2/47 MP: 9/9
  2580 | D:3      | Found a runed translucent door.
  2581 | D:3      | Noticed Crazy Yiuf
  2695 | D:3      | Reached skill level 1 in Short Blades
  3052 | D:4      | Found a hide-covered altar of Uskayaw.
  3173 | D:4      | Reached XP level 7. HP: 49/53 MP: 10/10
  3289 | D:5      | Entered Level 5 of the Dungeon
  3344 | D:5      | Found a staircase to the Ecumenical Temple.
  3364 | Temple   | Entered the Ecumenical Temple
  3619 | Temple   | Reached skill level 1 in Stealth
  4226 | D:5      | Reached XP level 8. HP: 58/59 MP: 11/11
  4304 | D:6      | Reached skill level 5 in Armour
  4319 | D:6      | Noticed a troll
  4731 | D:6      | Reached skill level 5 in Translocations
  5127 | D:7      | Found a transporter.
  5128 | D:7      | Found Biwattuh's Magic Scroll Boutique.
  5130 | D:7      | Found a transporter.
  5573 | D:6      | Noticed Blork the orc
  5596 | D:6      | Killed Blork the orc
  5758 | D:7      | Gained mutation: Your presence sometimes corrodes those you
                  | injure. [demonic ancestry]
  5758 | D:7      | Reached XP level 9. HP: 61/66 MP: 12/12
  6614 | D:6      | Reached skill level 5 in Long Blades
  7206 | D:8      | Noticed Prince Ribbit
  7248 | D:7      | Killed Prince Ribbit
  7249 | D:7      | Reached skill level 5 in Fighting
  8379 | D:6      | Killed a troll
  8380 | D:6      | Gained mutation: You are mostly covered in rugged brown
                  | scales. (AC +2, +5% HP) [demonic ancestry]
  8380 | D:6      | Reached XP level 10. HP: 39/77 MP: 9/13
  9775 | D:9      | Noticed a two-headed ogre
  9793 | D:9      | Killed a two-headed ogre
  9992 | D:9      | Noticed Harold
 10100 | D:9      | Killed Harold
 10175 | D:9      | Reached skill level 5 in Dodging
 10856 | D:9      | Found Xafihemo's Antique Weapon Boutique.
 11363 | D:10     | Entered Level 10 of the Dungeon
 11582 | D:9      | Reached XP level 11. HP: 87/87 MP: 12/14
 11622 | D:9      | Reached skill level 1 in Shields
 12092 | D:10     | Noticed Snorg
 12338 | D:10     | Noticed Urug
 12358 | D:10     | Killed Urug
 12719 | D:10     | Noticed Erolcha
 12731 | Abyss:1  | Found a corrupted altar of Lugonu.
 12731 | Abyss:1  | Cast into level 1 of the Abyss (Erolcha)
 12734 | Abyss:1  | Became a worshipper of Lugonu the Unformed
 12734 | Abyss:1  | Reached * piety under Lugonu
 12734 | Abyss:1  | Reached ** piety under Lugonu
 12792 | D:10     | Escaped the Abyss
 12813 | D:10     | HP: 2/87 [Snorg (9)]
 12814 | D:10     | Slain by Snorg

Illustrated notes

Levels and vault maps discovered:
D:1:      dpeg_arrival_refuge, layout_basic
D:2:      layout_rooms
D:3:      layout_basic, corexii_leaking_fountain, minivault_25,
          uniq_crazy_yiuf_cottage, uniq_robin, uniq_grinder
D:4:      layout_cave_pools, nicolae_overflow_crystal_walls,
          minmay_misc_feat_pillars
D:5:      layout_rooms, minmay_temple_entry_arrows
D:6:      layout_loops_ring, st_stairs_4, minmay_pentangle, uniq_blork_the_orc
D:7:      minmay_chambers_of_fours, layout_basic, serial_shops,
          nicolae_shop_drivethru
D:8:      layout_loops_ring, kennysheep_boxes, uniq_prince_ribbit1
D:9:      kennysheep_steamy, layout_rooms, serial_shops,
          nicolae_inconvenience_store, hangedman_decor_lopped, uniq_harold
D:10:     layout_basic, corner_web_ring, kennysheep_cross_bottleneck, uniq_urug,
          uniq_snorg, uniq_erolcha
Temple:   compressed_dpeg_circular_temple

Skill      XL: |  1  2  3  4  5  6  7  8  9 10 11 |
---------------+----------------------------------+-----
Translocations | 3 4 5 |  5.0
Long Blades    | 2 3 6 8 9 |  9.0
Dodging        | 2 3 4 5 |  5.4
Armour         | 2 3 4 6 7 8 9 |  9.0
Throwing       | 1 2 |  2.0
Short Blades   | 1 3 4 |  4.5
Fighting       | 3 5 6 |  6.8
Stealth        | 1 |  1.0
Shields        | 1 |  1.0
Spellcasting   | |  2.0
Invocations    | |  0.2
Evocations     | |  0.3

Action                     |  1- 3 |  4- 6 |  7- 9 | 10-12 || total
---------------------------+-------+-------+-------+-------++-------
  Melee: Falchion          |   175 |    59 |       |       ||   234
         Punch             |     2 |     3 |    13 |       ||    18
         Dagger            |       |   147 |   421 |       ||   568
         Long sword        |       |       |   283 |   487 ||   770
  Throw: Javelin           |       |     4 |     2 |       ||     6
         Dart              |       |     4 |    12 |    20 ||    36
   Cast: Blink             |       |     1 |     8 |     2 ||    11
 Invoke: Depart the Abyss  |       |       |       |     1 ||     1
  Evoke: Box of beasts     |       |       |       |     1 ||     1
    Use: Potion            |       |     1 |     1 |     2 ||     4
         Scroll            |       |       |     2 |     6 ||     8
   Stab: Sleeping          |     2 |       |       |       ||     2
 Armour: Leather armour    |    29 |       |       |       ||    29
         Scale mail        |    40 |   102 |   273 |   265 ||   680
  Dodge: Dodged            |   103 |    85 |   295 |   237 ||   720
  Block: Other             |    38 |    35 |   108 |    33 ||   214
         Buckler           |       |       |       |    96 ||    96
